 Dungeon Crawl Stone Soup version 0.20-a0-266-gdedccd6 (webtiles) character file.

110 Hercules the Skirmisher (level 4, -2/37 HPs)
             Began as a Demonspawn Monk on Dec 6, 2016.
             Slain by yrara's ghost (5 damage)
             ... on level 3 of the Dungeon.
             The game lasted 00:04:23 (1801 turns).

Hercules the Skirmisher (Demonspawn Monk)           Turns: 1801, Time: 00:04:24

Health: -2/37      AC:  6    Str: 12    XL:     4   Next: 61%
Magic:  4/4        EV: 12    Int: 11    God:
Gold:   139        SH:  0    Dex: 16    Spells: 3/3 levels left

rFire  . . .     SeeInvis .       - Unarmed
rCold  + . .     Gourm    .     g - +0 scale mail {rPois}
rNeg   . . .     Faith    .     (no shield)
rPois  +         Spirit   .     (no helmet)
rElec  .         Reflect  .     (no cloak)
rCorr  .         Harm     .     (no gloves)
MR     .....                    (no boots)
Stlth  +.........               e - amulet of regeneration
                                (no ring)
                                (no ring)

@: very slightly contaminated, hasted, very quick
A: repulsion field 1, cold resistance 1, rot immunity
a: no special abilities


You were on level 3 of the Dungeon.
You were not hungry.

You visited 1 branch of the dungeon, and saw 3 of its levels.

You collected 139 gold pieces.

Inventory:

Armour
 g - a +0 scale mail of poison resistance (worn)
Jewellery
 e - an amulet of regeneration (around neck)
Scrolls
 c - a scroll of amnesia
 n - a scroll of identify
Potions
 m - 2 potions of cure mutation
Comestibles
 a - 4 fruits
 b - 3 bread rations
 f - a slice of pizza
 l - a beef jerky


   Skills:
 + Level 3.7 Fighting
 + Level 1.5 Armour
 + Level 3.4 Dodging
 - Level 1.7 Stealth
 - Level 3.3 Unarmed Combat


You had 3 spell levels left.
You didn't know any spells.

Dungeon Overview and Level Annotations

Branches:
Dungeon (3/15)

Altars:
Dithmenos

Annotations:
D:3 yrara's ghost, amateur GrFi


Innate Abilities, Weirdness & Mutations

You are surrounded by a mild repulsion field. (EV +2)
Your flesh is cold resistant. (rC+)
You are immune to rotting.


Message History

The phantom is moderately damaged.
The phantom hits you.
You hit the phantom.
The phantom is moderately damaged.
You barely miss the phantom.
The phantom is moderately damaged.
The phantom hits you!
* * * LOW HITPOINT WARNING * * *
You are too injured to fight recklessly!
You hit the phantom.
The phantom is heavily damaged.
The phantom hits you.
* * * LOW HITPOINT WARNING * * *
You closely miss the phantom.
The phantom is heavily damaged.
You hit the phantom.
The phantom is heavily damaged.
The phantom blinks!
You hit yrara's ghost but do no damage. Yrara's ghost hits you.
You die...

#.# #..# #.# #####.### #..# #.
#.# #.......# #..# #. #.#
#.......# #..######.###.#
#.......####.(.........#.#
#........(((...##.# #..#.#
######.......###((.....###..#.#
........(....###.##.#..##...#)###
......((.......W@................
...K............§................
.≈≈≈..≈≈..≈≈.≈≈≈...≈≈≈..≈≈.≈≈..≈≈
..K≈≈≈≈≈≈≈≈≈≈≈≈≈≈≈≈≈≈≈≈≈≈≈≈≈≈≈≈≈≈
.≈K≈≈≈≈≈≈≈≈≈≈≈≈≈≈≈≈≈≈≈≈≈≈≈≈≈≈≈≈≈≈
.≈≈≈≈≈≈≈≈≈≈≈≈≈≈≈≈≈W≈≈≈≈≈#####≈≈≈≈
######################### #≈≈≈≈
≈≈≈≈ ≈≈≈≈


You could see a phantom and yrara's ghost.

Vanquished Creatures
  4 adders
  An ooze (D:2)
  2 dart slugs (D:1)
  A leopard gecko (D:2)
  An orc (D:3)
  9 bats
  4 giant cockroaches
  5 hobgoblins
  2 jackals
  9 kobolds
  2 quokkas (D:2)
  7 frilled lizards
  8 goblins
  9 rats
64 creatures vanquished.

Notes
Turn   | Place    | Note
-------+----------+-------------------------------------------
     0 | D:1      | Hercules the Demonspawn Monk began the quest for the Orb.
     0 | D:1      | Reached XP level 1. HP: 18/18 MP: 1/1
   257 | D:1      | Gained mutation: You are surrounded by a mild repulsion field. (EV +2) [demonic ancestry]
   257 | D:1      | Reached XP level 2. HP: 24/24 MP: 2/2
   617 | D:1      | Gained mutation: You are immune to rotting. [demonic ancestry]
   617 | D:1      | Reached XP level 3. HP: 29/29 MP: 3/3
   861 | D:2      | Found a shadowy altar of Dithmenos.
   995 | D:2      | Reached skill level 1 in Armour
  1198 | D:2      | Gained mutation: Your flesh is cold resistant. (rC+) [demonic ancestry]
  1198 | D:2      | Reached XP level 4. HP: 35/35 MP: 4/4
  1409 | D:3      | Noticed yrara's ghost (amateur GrFi)
  1716 | D:3      | Noticed a phantom
  1801 | D:3      | Slain by yrara's ghost

Vault maps used:
D:1:      roderic_crossed_star, minmay_misc_feat_ornament
D:2:      first_bread, grunt_dithmenos_smoke
D:3:      minmay_goblin_kobold_castle

Skill      XL: |  1  2  3 |
---------------+----------+-----
Unarmed Combat | 3 |  3.3
Dodging        | 3 |  3.4
Armour         | 1 |  1.5
Fighting       | |  3.7
Stealth        | |  1.7

Action                   |  1- 3 |  4- 6 || total
-------------------------+-------+-------++-------
Melee: Unarmed           |   166 |   126 ||   292
       Punch             |     1 |       ||     1
  Use: Potion            |     4 |     4 ||     8
       Scroll            |       |     4 ||     4
  Eat: Chunk             |     1 |     2 ||     3
Armor: Robe              |     9 |       ||     9
       Scale mail        |    44 |    37 ||    81
Dodge: Dodged            |    92 |    86 ||   178
